AoeStats
← Bickus Diggus

Arena

509901396Analyzed
2v2 RM · 3d ago on Sep 28, 2026· 60m 37s· 4 players
Game mode
Random Map
Map size
Medium (4 player)
Population
200
Speed
Normal
Resources
Standard
Victory
Conquest
Starting age
Dark Age
Ending age
Imperial Age
RankedLock teamsTeams togetherTeam positionsShared explorationLock speedFull tech treeHidden civsTurbo modeCheats
Victory
Defeat
🇨🇭 Cumans · Switzerland
957
+40
🇨🇭 Goths · Switzerland
957
+40
🇮🇳 Persians · India
997
-17
🇹🇼 Ethiopians · Taiwan
925
-15
Luo_ji22
12:01 Feudal Age
17:08 Castle Age
16:15 Double-Bit Axe
16:12 Horse Collar
19:03 Wheelbarrow
20:09 Squires
21:30 Bow Saw
21:56 Heavy Plow
26:50 Scale Mail Armor
27:02 Gold Mining
27:05 Stone Mining
27:38 Ballistics
28:30 Chain Mail Armor
28:43 Anarchy
29:26 Forging
30:14 Stone Shaft Mining
32:48 Iron Casting
36:06 Imperial Age
33:37 Pikeman
36:16 Elite Huskarl
38:38 Two-Man Saw
38:40 Blast Furnace
38:15 Crop Rotation
37:28 Halberdier
39:51 Hand Cart
39:27 Town Watch
41:59 Perfusion
47:33 Conscription
47:24 Caravan
60:58 Murder Holes
Herakles
8:09 Loom
10:24 Feudal Age
12:28 Man-at-Arms
21:51 Horse Collar
22:00 Double-Bit Axe
25:40 Castle Age
26:50 Wheelbarrow
26:23 Padded Archer Armor
28:20 Long Swordsman
29:18 Fletching
33:17 Heavy Plow
33:29 Bow Saw
34:05 Masonry
36:45 Bodkin Arrow
44:28 Imperial Age
41:23 Light Cavalry
42:14 Bloodlines
47:06 Heavy Cavalry Archer
48:12 Parthian Tactics
47:48 Hussar
48:42 Steppe Husbandry
49:33 Elite Kipchak
52:26 Scale Barding Armor
52:33 Forging
55:27 Cuman Mercenaries
56:04 Chain Barding Armor
56:19 Iron Casting
58:55 Plate Barding Armor
59:22 Blast Furnace
58:46 Ballistics
59:27 Chemistry
58:23 Murder Holes
59:37 Leather Archer Armor
Bickus Diggus
10:46 Feudal Age
15:37 Castle Age
13:49 Loom
14:34 Scale Mail Armor
14:48 Gold Mining
14:47 Double-Bit Axe
15:07 Horse Collar
15:05 Man-at-Arms
16:51 Wheelbarrow
18:46 Bow Saw
18:41 Long Swordsman
22:26 Bloodlines
22:17 Husbandry
24:02 Forging
26:32 Scale Barding Armor
26:46 Hand Cart
28:25 Heavy Plow
28:54 Forging
28:52 Town Watch
33:09 Imperial Age
33:22 Murder Holes
37:44 Chemistry
37:51 Conscription
38:30 Cavalier
46:24 Savar
50:10 Gold Shaft Mining
49:37 Stone Mining
50:13 Chain Barding Armor
50:55 Masonry
53:29 Architecture
藥師佛
0:41 Loom
10:51 Feudal Age
11:26 Double-Bit Axe
19:51 Castle Age
18:45 Stone Mining
18:26 Man-at-Arms
21:43 Long Swordsman
23:27 Squires
25:57 Town Watch
27:18 Wheelbarrow
28:20 Town Patrol
28:53 Bow Saw
32:52 Hand Cart
35:30 Forging
35:21 Scale Mail Armor
39:09 Imperial Age
41:23 Conscription
41:06 Torsion Engines
43:44 Iron Casting
43:25 Chain Mail Armor
43:02 Fletching
46:02 Royal Heirs
46:52 Gold Mining
47:38 Stone Shaft Mining
48:07 Elite Shotel Warrior
49:52 Masonry
50:03 Ballistics
50:47 Chemistry
52:33 Architecture
53:22 Blast Furnace
52:37 Chain Mail Armor
54:28 Bodkin Arrow
56:07 Plate Mail Armor
Connection lost

Rejoining the realm…

Still unreachable

The connection could not be restored.

Session expired

The server has moved on; the page needs a fresh start.